 Dungeon Crawl Stone Soup version 0.31-a0-325-g067879e3d3 (webtiles) character file.

Game seed: 9484673906779490691

56 IdlyInterested the Cudgeller (level 3, -1/29 HPs)
             Began as a Demonspawn Gladiator on July 18, 2023.
             Slain by a gnoll
             ... wielding a +0 whip
              (6 damage)
             ... on level 2 of the Dungeon.
             The game lasted 00:04:04 (1263 turns).

IdlyInterested the Cudgeller (Demonspawn Gladiator) Turns: 1263, Time: 00:04:04

Health: -1/29      AC:  7    Str: 16    XL:     3   Next: 71%
Magic:  3/3        EV: 10    Int:  9    God:
Gold:   100        SH:  0    Dex: 14    Spells: 2/2 levels left

rFire   . . .        a - +0 flail
rCold   . . .        (no shield)
rNeg    . . .        s - +0 scale mail
rPois   .            (helmet restricted)
rElec   .            q - +0 cloak
rCorr   .            (no gloves)
SInv    .            (no boots)
Will    .....        h - amulet of the acrobat Stlth
                     (no ring)
HPRegen 0.24/turn    (no ring)
MPRegen 0.08/turn

%: acrobat
@: no status effects
A: antennae 1, spiny 1
a: no special abilities


You were on level 2 of the Dungeon.
You visited 1 branch of the dungeon, and saw 2 of its levels.

You collected 100 gold pieces.

Inventory:

Hand Weapons
 a - a +0 flail (weapon)
 l - a +0 short sword
Missiles
 c - 11 stones (quivered)
 d - 3 throwing nets
 e - a javelin
 g - 5 curare-tipped darts
Armour
 b - a +0 leather armour
 q - a +0 cloak (worn)
 s - a +0 scale mail (worn)
Magical Staves
 f - a staff of poison
Jewellery
 h - an amulet of the acrobat (around neck)
Scrolls
 i - a scroll of poison {unknown}
 j - 3 scrolls of fog {unknown}
 n - a scroll of fear {unknown}
 o - a scroll of blinking {unknown}
 p - a scroll of teleportation {unknown}
Potions
 k - a potion of invisibility
 m - a potion of magic
 r - a potion of attraction {unknown}


   Skills:
 * Level 3.1 Fighting
 + Level 3.1 Maces & Flails
 - Level 1.7 Throwing
 - Level 1.0 Armour
 - Level 2.6 Dodging
 - Level 1.0 Stealth
 * Level 0.3 Evocations


You had 2 spell levels left.
You didn't know any spells.
Your spell library contained the following spells:

 Spells                   Type           Power      Damage    Failure   Level
 Magic Dart               Conj           0%         1d3       83%         1
 Slow                     Hex            0%         N/A       83%         1
 Call Imp                 Summ           0%         N/A       92%         2
 Scorch                   Fire           0%         2d5       92%         2
 Confusing Touch          Hex            0%         N/A       99%         3
 Mephitic Cloud           Conj/Pois/Air  0%         N/A       99%         3
 Vampiric Draining        Necr           0%         2d6       99%         3
 Flame Wave               Conj/Fire      0%         2d4       100%        4
 Summon Cactus Giant      Summ           0%         N/A       100%        6


Dungeon Overview and Level Annotations

Branches:
Dungeon (2/15)

Altars:


Innate Abilities, Weirdness & Mutations

You have a pair of small antennae on your head.
You are partially covered in sharp spines.


Message History

You closely miss the gnoll. The gnoll hits you but does no damage.
The gnoll is struck by your spines. The gnoll barely misses you.
The gnoll hits you with a +0 spear.
You hit the gnoll.
The gnoll is heavily wounded.
The gnoll closely misses you. The gnoll is struck by your spines.
You kill the gnoll!
The gnoll is struck by your spines. The gnoll hits you with a +0 whip.
Training target 1.0 for Stealth reached!
Your Fighting skill increases to level 3!
Your Stealth skill increases to level 1!
You hit the gnoll.
The gnoll is heavily wounded.
The gnoll closely misses you. The gnoll is struck by your spines.
The gnoll hits you with a +0 whip.
You barely miss the gnoll.
The gnoll is heavily wounded.
The gnoll is struck by your spines. The gnoll hits you with a +0 spear.
The gnoll hits you with a +0 whip. The gnoll hits you with a +0 spear.
* * * LOW HITPOINT WARNING * * *
The gnoll is struck by your spines. The gnoll misses you.
You hit the gnoll.
You kill the gnoll!
The gnoll is struck by your spines. The gnoll completely misses you.
You barely miss the gnoll.
The gnoll is severely wounded.
The gnoll barely misses you.
You barely miss the gnoll.
The gnoll is severely wounded.
The gnoll hits you with a +0 whip.
* * * LOW HITPOINT WARNING * * *
You closely miss the gnoll.
The gnoll is severely wounded.
The gnoll hits you with a +0 whip.
* * * LOW HITPOINT WARNING * * *
The gnoll barely misses you.
You hit the gnoll but do no damage.
The gnoll is severely wounded.
The gnoll is struck by your spines. The gnoll hits you with a +0 whip.
You die...

####......#
#.###.>.....#
##...#####.####....###
#...##......^#....#
#####...##.##$##.#.#.##
..............##.#.#.#
..............##.#.#..
....................###
#####...##.##.##.#..
#...##.....g@#
#...#####.##))......
#...# #..........88
..... #..##.##..###
#...... .)# #.###.# .#
#. #.. . #. ### #~


You could see a gnoll.

Vanquished Creatures
  2 gnolls (D:2)
  4 ball pythons
  3 endoplasms (D:1)
  3 goblins (D:1)
  3 hobgoblins
  5 quokkas
  7 bats
  2 frilled lizards
  4 kobolds
  A rat (D:2)
34 creatures vanquished.

Notes
Turn   | Place    | Note
-------+----------+-------------------------------------------
     0 | D:1      | IdlyInterested the Demonspawn Gladiator began the quest for
                  | the Orb.
     0 | D:1      | Reached XP level 1. HP: 16/16 MP: 1/1
   158 | D:1      | Discovered your monstrous ancestry.
   158 | D:1      | Gained mutation: You have a pair of small antennae on your
                  | head. [demonic ancestry]
   158 | D:1      | Reached XP level 2. HP: 8/23 MP: 2/2
   328 | D:1      | Reached skill level 1 in Armour
  1066 | D:2      | Gained mutation: You are partially covered in sharp spines.
                  | [demonic ancestry]
  1066 | D:2      | Reached XP level 3. HP: 28/28 MP: 3/3
  1257 | D:2      | Reached skill level 1 in Stealth
  1263 | D:2      | Slain by a gnoll

Illustrated notes

Levels and vault maps discovered:
D:1:      minmay_arrival_three_doors, layout_basic, minmay_pentomino_v2
D:2:      wander_river, layout_loops_cross, minmay_increasing_density,
          uniq_jessica

Skill      XL: |  1  2  3 |
---------------+----------+-----
Armour         | 1 |  1.0
Maces & Flails | 3 |  3.1
Fighting       | 3 |  3.1
Stealth        | 1 |  1.0
Throwing       | |  1.7
Dodging        | |  2.6
Evocations     | |  0.3

Action                     || total
---------------------------++-------
  Melee: Flail             ||    93
    Use: Scroll            ||     2
 Armour: Leather armour    ||    26
         Scale mail        ||     1
  Dodge: Dodged            ||   106

Table legend: (Time is in decaauts)
 A = Elapsed time spent in this place.
 B = Non-inter-level travel time spent in this place.
 C = Inter-level travel time spent in this place.
 D = Time resting spent in this place.
 E = Time spent auto-exploring this place.
 F = Levels seen in this place.
 G = Mean time per level.
                   A        B        C        D        E       F      G
               +--------+--------+--------+--------+--------+-----+--------+
         Total |   1286 |   1113 |    173 |     84 |    593 |   2 |  643.0 |
       Dungeon |   1286 |   1113 |    173 |     84 |    593 |   2 |  643.0 |
               +--------+--------+--------+--------+--------+-----+--------+

Top non-repeatable levels by time:
     D:1: 992 daAuts
     D:2: 294 daAuts
